 Dungeon Sprint DCSS version 0.27-a0-1228-gfd60fd639a (webtiles) character file.

Game seed: 4816922192633772007

1050 night the Brawler (level 8, -12/70 HPs)
             Began as a Troll Gladiator on June 7, 2021.
             Was an Initiate of Gozag.
             Shot with an arrow by a centaur warrior (14 damage)
             ... in the Dungeon (Sprint IX: "|||||||||||||||||||||||||||||").
             The game lasted 00:02:01 (200 turns).

night the Brawler (Troll Gladiator)                  Turns: 200, Time: 00:02:02

Health: -12/70     AC:  4    Str: 23    XL:     8   Next: 5%
Magic:  7/7        EV: 14    Int:  6    God:    Gozag
Gold:   54         SH:  0    Dex: 11    Spells: 7/7 levels left

rFire    + . .     SeeInvis .     - Unarmed
rCold    + . .     Faith    .   (no shield)
rNeg     . . .     Spirit   .   a - +0 robe
rPois    +         Reflect  .   b - +0 hat
rElec    +         Harm     .   (no cloak)
rCorr    +         Rampage  .   (gloves unavailable)
Will     .....     NoTele   +   (boots unavailable)
Stlth    +.........             (no amulet)
HPRegen  1.21/turn              m - +2 ring of evasion
MPRegen  0.10/turn              n - +2 ring of evasion

@: mighty, resistant, gold aura, hasted, very quick
A: large, unfitting armour, claws 3, regeneration 1, shaggy fur 1, tough skin 1
a: Renounce Religion, Potion Petition, Call Merchant, Bribe Branch


You were in the Dungeon.
You worshipped Gozag.
Gozag was noncommittal.
You visited 1 branch You collected 432 gold pieces.
You paid 378 gold pieces to Gozag.

Inventory:

Missiles
 c - 3 throwing nets (quivered)
Armour
 a - a +0 robe (worn)
 b - a +0 hat (worn)
Jewellery
 m - a +2 ring of evasion (left claw)
 n - a +2 ring of evasion (right claw)
Wands
 l - a wand of acid (9)
Scrolls
 i - 2 scrolls of blinking
 k - 2 scrolls of amnesia
Potions
 d - 5 potions of curing
 e - a potion of heal wounds
 g - 4 potions of magic
 j - a potion of invisibility


   Skills:
 - Level 1.5 Fighting
 - Level 1.7 Throwing
 - Level 2.4 Dodging
 + Level 16.7 Unarmed Combat


You had 7 spell levels left.
You didn't know any spells.
Your spell library was empty.

Dungeon Overview and Level Annotations

Branches:
Dungeon (1/1)

Altars:
Cheibriados
Dithmenos
Elyvilon
Fedhas
Gozag
Hepliaklqana
Kikubaaqudgha
Makhleb
Nemelex Xobeh
Okawaru
Qazlal
Ru
Sif Muna
Trog
Uskayaw
Vehumet
Wu Jian
Xom
Yredelemnul
Zin
The Shining One
Beogh
Jiyva
Lugonu


Innate Abilities, Weirdness & Mutations

You are too large for most types of armour.
You have claws for hands.
Your natural rate of healing is unusually fast.
You are covered in fur. (AC +1)
You have tough skin. (AC +1)


Message History

The centaur warrior shouts!
You mangle the tengu warrior!!
The tengu warrior is heavily wounded.
The deep elf pyromancer is distracted by your dazzling golden aura, dreaming of imaginary riches.
The deep elf pyromancer shouts!
You claw the tengu warrior!
The tengu warrior is severely wounded.
The tengu warrior hits you with a +0 battleaxe!
* * * LOW HITPOINT WARNING * * *
The tengu warrior completely misses you.
The tengu warrior claws you.
* * * LOW HITPOINT WARNING * * *
You barely miss the tengu warrior.
The tengu warrior is severely wounded.
The centaur warrior is no longer distracted by gold.
You feel much better.
The tengu warrior hits you with a +0 battleaxe.
The tengu warrior pecks you. The tengu warrior closely misses you.
You scratch the tengu warrior.
The tengu warrior is almost dead.
You barely miss the tengu warrior.
The tengu warrior is almost dead.
The tengu warrior hits you with a +0 battleaxe!
The tengu warrior pecks you. The tengu warrior claws you.
You scratch the tengu warrior.
The tengu warrior is almost dead.
You barely miss the tengu warrior.
The tengu warrior is almost dead.
The tengu warrior hits you with a +0 battleaxe!!
* * * LOW HITPOINT WARNING * * *
The tengu warrior pecks you.
* * * LOW HITPOINT WARNING * * *
The tengu warrior claws you but does no damage.
You mangle the tengu warrior!!
You kill the tengu warrior!
The deep elf pyromancer is no longer distracted by gold.
The centaur warrior wields a +0 shortbow.
The centaur warrior shoots an arrow.
The arrow hits you!
You die...
Your body crumbles into a pile of gold. $$$$$ $ $ $ $$$$ $ ▓▓▓▓▓▓▓▓▓▓▓▓▓▓▓▓▓▓▓▓▓▓▓▓ +.EQec$@....)))..[[[.).. ▓▓▓▓▓▓▓▓▓▓▓▓▓▓▓▓▓▓▓▓▓▓▓▓

You could see a tengu warrior, a centaur warrior (corroded), a deep elf pyromancer and a fire elemental (summoned).

Vanquished Creatures
  A tengu warrior (D)
  A cyclops (D)
  A troll (D)
  A wyvern (D)
  A centaur (D)
  A scorpion (D)
  A howler monkey (D)
  2 hounds (D)
  An iguana (D)
  2 orc wizards (D)
  An adder (D)
  A jackal (D)
  A kobold (D)
  A ball python (D)
  2 bats (D)
  A quokka zombie (D)
19 creatures vanquished.

Notes
Turn   | Place    | Note
-------+----------+-------------------------------------------
     0 | D        | night the Troll Gladiator began the quest for the Orb.
     0 | D        | Reached XP level 1. HP: 19/19 MP: 0/0
    13 | D        | Reached skill level 4 in Unarmed Combat
    26 | D        | Noticed a hound
    26 | D        | Noticed a scorpion
    26 | D        | Noticed an iguana
    26 | D        | Noticed a hound
    36 | D        | Reached skill level 5 in Unarmed Combat
    36 | D        | Reached XP level 2. HP: 23/27 MP: 1/1
    40 | D        | Reached skill level 7 in Unarmed Combat
    40 | D        | Reached XP level 3. HP: 28/33 MP: 2/2
    44 | D        | Reached skill level 8 in Unarmed Combat
    44 | D        | Reached XP level 4. HP: 40/41 MP: 3/3
    49 | D        | Killed a scorpion
    50 | D        | Reached skill level 10 in Unarmed Combat
    57 | D        | Reached XP level 5. HP: 13/48 MP: 4/4
    94 | D        | Found a snail-covered altar of Cheibriados.
    94 | D        | Found a shadowy altar of Dithmenos.
    94 | D        | Found a white marble altar of Elyvilon.
    94 | D        | Found a blossoming altar of Fedhas.
    94 | D        | Found an opulent altar of Gozag.
    95 | D        | Found a hazy altar of Hepliaklqana.
    96 | D        | Found a viscous altar of Jiyva.
    97 | D        | Found an ancient bone altar of Kikubaaqudgha.
    98 | D        | Found a corrupted altar of Lugonu.
    99 | D        | Found a burning altar of Makhleb.
   100 | D        | Found a sparkling altar of Nemelex Xobeh.
   101 | D        | Found an iron altar of Okawaru.
   102 | D        | Became a worshipper of Gozag Ym Sagoz the Greedy
   103 | D        | Found a stormy altar of Qazlal.
   104 | D        | Found a sacrificial altar of Ru.
   105 | D        | Found a shimmering blue altar of Sif Muna.
   106 | D        | Found a bloodstained altar of Trog.
   107 | D        | Found a hide-covered altar of Uskayaw.
   108 | D        | Found a radiant altar of Vehumet.
   109 | D        | Found an ornate altar of the Wu Jian Council.
   110 | D        | Found a shimmering altar of Xom.
   111 | D        | Found a basalt altar of Yredelemnul.
   112 | D        | Found a glowing silver altar of Zin.
   113 | D        | Found a glowing golden altar of the Shining One.
   139 | D        | Noticed a wyvern
   139 | D        | Noticed a centaur
   139 | D        | Noticed a troll
   141 | D        | Killed a troll
   142 | D        | Reached skill level 13 in Unarmed Combat
   142 | D        | Reached XP level 6. HP: 55/55 MP: 5/5
   147 | D        | Reached skill level 14 in Unarmed Combat
   153 | D        | Killed a wyvern
   154 | D        | Reached skill level 15 in Unarmed Combat
   154 | D        | Reached XP level 7. HP: 49/62 MP: 6/6
   176 | D        | Noticed a tengu warrior
   176 | D        | Noticed a deep elf pyromancer
   176 | D        | Noticed a centaur warrior
   176 | D        | Noticed a tengu warrior
   176 | D        | Noticed a cyclops
   185 | D        | Noticed a fire elemental
   187 | D        | Killed a cyclops
   188 | D        | Reached skill level 16 in Unarmed Combat
   188 | D        | Reached XP level 8. HP: 27/70 MP: 7/7
   189 | D        | HP: 9/70 [tengu warrior/+0 battleaxe (19)]
   199 | D        | HP: 5/70 [tengu warrior/+0 battleaxe (21)]
   199 | D        | HP: 1/70 [tengu warrior/+0 battleaxe (4)]
   200 | D        | Killed a tengu warrior
   200 | D        | Shot with an arrow by a centaur warrior

Illustrated notes

Levels and vault maps discovered:
D:        linesprint [early_d, line_temple, items_1, d_10, items_2, lair_1,
          lair_end, items_3, orc_1, orc_end, items_4, d_15, swamp_1, shoals_1,
          snake_1, spider_1, d_20, vaults_1, items_5, swamp_end, shoals_end,
          snake_end, spider_end, vaults_end, d_27, items_6, zot_1, zot_end,
          crypt_end, forest_end, elf_end, slime_end, tomb_end, abyss_end,
          pan_hell_end]

Skill      XL: |  1  2  3  4  5  6  7 |
---------------+----------------------+-----
Unarmed Combat | 5 7 8 10 13 15 16 | 16.7
Fighting       | |  1.5
Throwing       | |  1.7
Dodging        | |  2.4

Action                   |  1- 3 |  4- 6 |  7- 9 || total
-------------------------+-------+-------+-------++-------
Melee: Unarmed           |    32 |    24 |    19 ||    75
       Punch             |       |     3 |     1 ||     4
Invok: Potion Petition   |       |       |     1 ||     1
Evoke: Wand              |       |       |     1 ||     1
  Use: Potion            |       |     1 |     3 ||     4
 Stab: Distracted        |       |       |     1 ||     1
Armor: Robe              |    11 |     3 |     3 ||    17
Dodge: Dodged            |    22 |     6 |     5 ||    33

Table legend: (Time is in decaauts)
 A = Elapsed time spent in this place.
 B = Non-inter-level travel time spent in this place.
 C = Inter-level travel time spent in this place.
 D = Time resting spent in this place.
 E = Time spent auto-exploring this place.
 F = Levels seen in this place.
 G = Mean time per level.
                   A        B        C        D        E       F      G
               +--------+--------+--------+--------+--------+-----+--------+
         Total |    188 |    188 |      0 |     29 |     10 |   1 |  188.0 |
       Dungeon |    188 |    188 |      0 |     29 |     10 |   1 |  188.0 |
               +--------+--------+--------+--------+--------+-----+--------+

Top non-repeatable levels by time:
       D: 188 daAuts
